 Dungeon Crawl Stone Soup version 0.29-a0-1027-gcd8c55af63 (webtiles) character file.

Game seed: 9995975954114446720

2932 timneilson the Shield-Bearer (level 9, 0/55 HPs)
             Began as a Gargoyle Fighter on Aug 13, 2022.
             Was a Priest of Qazlal.
             Killed from afar by a steam dragon (1 damage)
             ... with a ball of steam
             ... on level 8 of the Dungeon.
             The game lasted 00:14:35 (6529 turns).

timneilson the Shield-Bearer (Gargoyle Fighter)     Turns: 6529, Time: 00:14:35

Health: 0/55       AC: 19    Str: 28    XL:     9   Next: 80%
Magic:  11/11      EV: 11    Int:  8    God:    Qazlal [***...]
Gold:   581        SH: 11    Dex: 15    Spells: 8/8 levels left

rFire   . . .      SeeInvis .   l - +10 long sword of Buti {drain, Str+3}
rCold   . . .      Faith    .   c - +1 buckler
rNeg    + . .      Spirit   .   b - +0 scale mail
rPois   ∞          Reflect  .   q - +0 helmet
rElec   +          Harm     +   o - +2 cloak of the Merchant {Harm rPois}
rCorr   .          Rampage  .   (no gloves)
Will    .....                   (no boots)
Stlth   ..........              j - amulet of regeneration
HPRegen 0.98/turn               p - +6 ring of dexterity
MPRegen 0.12/turn               m - ring of flight

@: flying
A: sickness immunity, AC +6, negative energy resistance 1, electricity
resistance, torment resistance 1, petrification resistance
a: Renounce Religion, Upheaval, Elemental Force


You were on level 8 of the Dungeon.
You worshipped Qazlal.
Qazlal was most pleased with you.
You visited 2 branches of the dungeon, and saw 9 of its levels.
You also visited: Sewer.

You collected 581 gold pieces.

Inventory:

Hand Weapons
 a - a +1 long sword
 l - the +10 long sword of Buti (weapon) {drain, Str+3}
   (You found it on level 2 of the Dungeon)

   A truly terrible weapon, it drains the life of any living foe it strikes.
   Str:       It affects your strength (+3).
Armour
 b - a +0 scale mail (worn)
 c - a +1 buckler (worn)
 o - the +2 cloak of the Merchant (worn) {Harm rPois}
   (You found it on level 3 of the Dungeon)

   rPois:     It protects you from poison.
   Harm:      It increases damage dealt and taken.
 q - a +0 helmet (worn)
Jewellery
 j - an amulet of regeneration (around neck)
 m - a ring of flight (right hand)
 p - a +6 ring of dexterity (left hand)
 u - a ring of ice
Wands
 n - a wand of acid (6)
 r - a wand of charming (24)
Scrolls
 e - 10 scrolls of teleportation
 g - 11 scrolls of identify
 k - a scroll of amnesia
 t - a scroll of butterflies
 w - 2 scrolls of poison
 y - 2 scrolls of magic mapping
 C - a scroll of enchant armour
Potions
 d - a potion of might
 f - a potion of attraction
 h - a potion of magic
 i - a potion of lignification
 s - 3 potions of curing
 v - 7 potions of flight
 x - a potion of cancellation
 z - a potion of heal wounds
 A - a potion of resistance {unknown}
 B - 2 potions of invisibility


   Skills:
 + Level 5.7 Fighting
 * Level 5.7 Long Blades
 * Level 7.4 Armour
 + Level 3.3 Dodging
 * Level 7.5 Shields
 + Level 3.9 Invocations
 + Level 3.1 Evocations


You had 8 spell levels left.
You didn't know any spells.
Your spell library contained the following spells:

 Spells                   Type           Power      Damage    Failure   Level
 Sting                    Tmut/Pois      0%         1d3       73%         1
 Ensorcelled Hibernation  Hex/Ice        0%         N/A       86%         2
 Passwall                 Tmut/Erth      0%         N/A       86%         2
 Poisonous Vapours        Pois/Air       0%         N/A       86%         2
 Static Discharge         Conj/Air       0%         3-3/arc   86%         2
 Gell's Gravitas          Tloc           0%         N/A       97%         3
 Lesser Beckoning         Tloc           0%         N/A       97%         3
 Swiftness                Air            0%         N/A       97%         3
 Teleport Other           Tloc           0%         N/A       97%         3
 Olgreb's Toxic Radiance  Pois           0%         N/A       100%        4
 Lightning Bolt           Conj/Air       0%         1d11      100%        5
 Maxwell's Capacitive Co  Air            0%         ∞         100%        8


Dungeon Overview and Level Annotations

Branches:
Dungeon (8/15)             Temple (1/1) D:4           Sewer (visited)
   Lair: D:8-11

Altars:
Ashenzari
Cheibriados
Dithmenos
Elyvilon
Fedhas
Gozag
Hepliaklqana
Kikubaaqudgha
Makhleb
Nemelex Xobeh
Okawaru
Qazlal
Ru
Sif Muna
Trog
Uskayaw
Vehumet
Wu Jian
Xom
Yredelemnul
Zin
The Shining One

Shops:
D:6 [

Annotations:
D:8 exclusion: ice statue


Innate Abilities, Weirdness & Mutations

You are immune to sickness and miasma.
Your stone body is resilient. (AC +6)
You are immune to poison.
You resist negative energy. (rN+)
You are resistant to electric shocks. (rElec)
You are resistant to unholy torment.
You are immune to petrification.


Message History

C - a scroll of enchant armour You hear an angry hiss.
A steam dragon and a kobold demonologist come into view.
The kobold demonologist shouts!
The kobold demonologist gestures wildly while chanting.
The steam dragon breathes steam at you. The ball of steam hits you!
You closely miss the kobold demonologist.
The sun demon hits you!
You are engulfed in flames!
* * * LOW HITPOINT WARNING * * *
The kobold demonologist hits you with a +0 dagger.
* * * LOW HITPOINT WARNING * * *
You hit the kobold demonologist. You drain the kobold demonologist.
The kobold demonologist is moderately wounded.
The sun demon closely misses you.
The kobold demonologist is engulfed in blazing flames.
The kobold demonologist mumbles some strange words.
You block the sun demon's attack.
You hit the kobold demonologist but do no damage.
You drain the kobold demonologist.
The kobold demonologist is heavily wounded.
The sixfirhy is engulfed in freezing vapours.
The sixfirhy hits you.
* * * LOW HITPOINT WARNING * * *
The sixfirhy shocks you. You resist.
* * * LOW HITPOINT WARNING * * *
The sixfirhy is engulfed in freezing vapours.
The sixfirhy hits you.
* * * LOW HITPOINT WARNING * * *
The sixfirhy shocks you. You resist.
* * * LOW HITPOINT WARNING * * *
The sixfirhy is engulfed in freezing vapours.
You block the sixfirhy's attack.
The kobold demonologist is engulfed in blazing flames.
The kobold demonologist completely misses you.
The sun demon closely misses you.
The sixfirhy is engulfed in freezing vapours.
The steam dragon breathes steam at you. The ball of steam hits you.
You die...

... .... #########+#....
#..............
#..............
#..............
#.....3D3......
#...§..@K......
#.....#####.... #.....# #
#...>.# +.....+ ...
#.....###+##
...######..........#
...................+
...................##+####


You could see a sun demon (summoned), a kobold demonologist (drained), a
sixfirhy (summoned) and a steam dragon (catching breath).

Vanquished Creatures
  Grinder (D:5)
  Prince Ribbit (D:8)
  Sigmund (D:5)
  A steam dragon (D:7)
  A vampire mosquito (D:7)
  A water moccasin (D:5)
  2 sky beasts (D:6)
  A phantom (D:5)
  2 centaurs
  2 bullfrogs (D:7)
  A necrophage (D:5)
  5 wights (D:8)
  9 killer bees
  2 jellies (D:5)
  2 howler monkeys (D:7)
  A quasit (D:7)
  2 hounds
  2 orc priests
  Jessica (D:2)
  4 iguanas
  3 orc wizards
  Robin (D:4)
  3 river rats (Sewer)
  9 adders
  2 white imps
  A worm (Sewer)
  20 orcs
  12 endoplasms
  4 giant cockroaches
  5 hobgoblins
  6 jackals
  A kobold (D:3)
  4 quokkas
  12 ball pythons
  12 bats
  4 frilled lizards
  18 goblins
  2 goblin skeletons (D:7)
  3 hobgoblin zombies (D:7)
  An orc skeleton (D:7)
  An orc zombie (D:7)
  5 rats
171 creatures vanquished.

Notes
Turn   | Place    | Note
-------+----------+-------------------------------------------
     0 | D:1      | timneilson the Gargoyle Fighter began the quest for the
                  | Orb.
     0 | D:1      | Reached XP level 1. HP: 14/14 MP: 1/1
    64 | D:1      | Found a faded altar of an unknown god.
   560 | D:1      | Reached XP level 2. HP: 19/19 MP: 2/2
  1213 | D:2      | Identified the +10 long sword of Buti {drain, Str+3}
  1372 | D:2      | Reached XP level 3. HP: 23/23 MP: 3/3
  1544 | D:2      | Noticed Jessica
  1547 | D:2      | Killed Jessica
  1806 | D:2      | Found a bloodstained altar of Trog.
  2042 | D:3      | Reached XP level 4. HP: 28/28 MP: 4/4
  2257 | D:3      | Identified the +2 cloak of the Merchant {Harm rPois}
  2639 | D:4      | Found a staircase to the Ecumenical Temple.
  2751 | Temple   | Entered the Ecumenical Temple
  2960 | Temple   | Became a worshipper of Qazlal Stormbringer
  3304 | D:4      | Reached skill level 1 in Dodging
  3304 | D:4      | Reached XP level 5. HP: 26/33 MP: 5/5
  3641 | D:4      | Noticed Robin
  3650 | D:4      | Reached * piety under Qazlal
  3656 | D:4      | Killed Robin
  4026 | D:5      | Entered Level 5 of the Dungeon
  4041 | D:5      | Reached XP level 6. HP: 31/38 MP: 6/6
  4064 | D:5      | Reached skill level 1 in Invocations
  4070 | D:5      | Reached skill level 5 in Shields
  4072 | D:5      | Reached XP level 7. HP: 29/43 MP: 7/7
  4089 | D:5      | Reached skill level 5 in Armour
  4089 | D:5      | Reached skill level 1 in Evocations
  4287 | D:5      | Noticed Grinder
  4296 | D:5      | Killed Grinder
  4304 | D:5      | Noticed Sigmund
  4313 | D:5      | Killed Sigmund
  4314 | D:5      | Reached XP level 8. HP: 42/48 MP: 9/9
  4402 | D:5      | Found a glowing drain.
  4421 | Sewer    | Entered a sewer
  4455 | Sewer    | Reached ** piety under Qazlal
  5440 | D:6      | Reached skill level 5 in Fighting
  5451 | D:6      | Found Aruni's Armour Shop.
  5693 | D:7      | Reached XP level 9. HP: 54/54 MP: 11/11
  5728 | D:7      | Reached skill level 5 in Long Blades
  5732 | D:7      | Reached *** piety under Qazlal
  5746 | D:7      | Found a glowing golden altar of the Shining One.
  5876 | D:7      | Found an iron altar of Okawaru.
  6220 | D:8      | Noticed Prince Ribbit
  6223 | D:8      | Killed Prince Ribbit
  6448 | D:8      | Noticed an ice statue
  6524 | D:8      | Noticed a kobold demonologist
  6525 | D:8      | Noticed a sun demon
  6529 | D:8      | Noticed a sixfirhy
  6529 | D:8      | HP: 1/55 [sixfirhy[a kobold demonologist] (3)]
  6529 | D:8      | Killed from afar by a steam dragon

Illustrated notes

Levels and vault maps discovered:
D:1:      dpeg_arrival_yet_another_circle, layout_basic,
          dreamdust_ecumenical_altar_statues, nrook_mini_vaults
D:2:      layout_loops_corners, basic_altar, hex_tiny, uniq_jessica
D:3:      layout_loops_cross
D:4:      kennysheep_goblin_castle, layout_loops_corners,
          minmay_temple_entry_crystal_x
D:5:      layout_basic, serial_rivers, chequers_serial_rivers_small_b,
          chequers_serial_rivers_small_b, chequers_serial_rivers_micro_d,
          chequers_serial_rivers_room_b, gup_sewer_entry_glass, uniq_grinder,
          uniq_sigmund
D:6:      layout_cave_pools, serial_shops, shop, minivault_26
D:7:      layout_loops_ring, kennysheep_okawaru_gauntlet,
          nicolae_tso_besieged_by_evil
D:8:      lemuel_ice_statue, layout_gridville, minmay_misc_feat_tiny,
          nicolae_shop_self_help, uniq_prince_ribbit1
Temple:   nicolae_temple_bog_church

Skill      XL: |  1  2  3  4  5  6  7  8  9 |
---------------+----------------------------+-----
Long Blades    | 2 3 4 5 |  5.7
Shields        | 4 5 6 7 |  7.5
Armour         | 4 5 6 7 |  7.4
Dodging        | 1 2 3 |  3.3
Fighting       | 4 5 |  5.7
Invocations    | 1 2 3 |  3.9
Evocations     | 1 2 3 |  3.1

Action                   |  1- 3 |  4- 6 |  7- 9 || total
-------------------------+-------+-------+-------++-------
Melee: Long sword        |    71 |    85 |   185 ||   341
  Use: Scroll            |     8 |     2 |     6 ||    16
       Potion            |       |     1 |       ||     1
Armor: Scale mail        |    28 |    40 |    92 ||   160
Dodge: Dodged            |    37 |    58 |    97 ||   192
Block: Buckler           |    14 |    26 |   104 ||   144

Table legend: (Time is in decaauts)
 A = Elapsed time spent in this place.
 B = Non-inter-level travel time spent in this place.
 C = Inter-level travel time spent in this place.
 D = Time resting spent in this place.
 E = Time spent auto-exploring this place.
 F = Levels seen in this place.
 G = Mean time per level.
                   A        B        C        D        E       F      G
               +--------+--------+--------+--------+--------+-----+--------+
         Total |   6656 |   6369 |    287 |      0 |   4992 |  10 |  665.6 |
       Dungeon |   5922 |   5672 |    250 |      0 |   4474 |   8 |  740.2 |
        Temple |    231 |    194 |     37 |      0 |    178 |   1 |  231.0 |
         Sewer |    502 |    502 |      0 |      0 |    339 |   1 |  502.0 |
               +--------+--------+--------+--------+--------+-----+--------+

Top non-repeatable levels by time:
     D:4: 1200 daAuts
     D:1: 1065 daAuts
     D:2: 882 daAuts
     D:3: 700 daAuts
     D:5: 651 daAuts
     D:7: 629 daAuts
   Sewer: 502 daAuts
     D:6: 412 daAuts
     D:8: 380 daAuts
  Temple: 231 daAuts
